 Dungeon Crawl Stone Soup version 0.30.0-5-g1a98f26d00 (webtiles) character file.

Game seed: 2414795831101045151

128 apoch the Chopper (level 4, -8/39 HPs)
             Began as a Minotaur Fighter on May 11, 2023.
             Was an Initiate of Qazlal.
             Killed by divine providence
             ... invoked by an orc priest
              (13 damage)
             ... on level 5 of the Dungeon.
             The game lasted 00:05:25 (3814 turns).

apoch the Chopper (Minotaur Fighter)                Turns: 3814, Time: 00:05:25

Health: -8/39      AC: 12    Str: 20    XL:     4   Next: 87%
Magic:  3/3        EV:  7    Int:  5    God:    Qazlal [......]
Gold:   260        SH:  4    Dex: 12    Spells: 3/3 levels left

rFire   . . .        a - +0 war axe
rCold   . . .        c - +0 buckler
rNeg    . . .        q - +1 chain mail
rPois   .            (helmet restricted)
rElec   .            r - +0 cloak
rCorr   .            (no gloves)
SInv    .            n - +0 pair of boots
Will    .....        (no amulet) Stlth
                     (no ring)
HPRegen 0.26/turn    (no ring)
MPRegen 0.08/turn

%: no passive effects
@: mighty, lethally poisoned (-8 -> -15)
A: horns 2, retaliatory headbutt
a: Renounce Religion


You were on level 5 of the Dungeon.
You worshipped Qazlal.
Qazlal was noncommittal.
You visited 2 branches of the dungeon, and saw 6 of its levels.

You collected 260 gold pieces.

Inventory:

Hand Weapons
 a - a +0 war axe (weapon)
 m - a +0 war axe
Missiles
 t - 5 curare-tipped darts
 v - 5 poisoned darts
Armour
 b - a +0 scale mail
 c - a +0 buckler (worn)
 n - a +0 pair of boots (worn)
 q - a +1 chain mail (worn)
 r - a +0 cloak (worn)
Jewellery
 u - a ring of ice
Scrolls
 e - 2 scrolls of teleportation
 h - a scroll of vulnerability {unknown}
 k - a scroll of enchant armour
 l - a scroll of magic mapping
 s - a scroll of identify
Potions
 d - a potion of might
 f - a potion of curing
 g - a potion of degeneration
 i - a potion of attraction {unknown}
 j - 2 potions of mutation {unknown}
 o - a potion of flight {unknown}
 p - 2 potions of heal wounds


   Skills:
 - Level 3.6 Fighting
 + Level 6.2 Axes
 - Level 3.6 Armour
 - Level 3.6 Shields


You had 3 spell levels left.
You didn't know any spells.
Your spell library contained the following spells:

 Spells                   Type           Power      Damage    Failure   Level
 Ignite Poison            Fire/Tmut/Pois 0%         N/A       100%        3
 Tukima's Dance           Hex            0%         N/A       100%        3
 Passage of Golubria      Tloc           0%         N/A       100%        4
 Sticky Flame             Conj/Fire      0%         2d3       100%        4
 Yara's Violent Unravell  Hex/Tmut       0%         3d3       100%        5
 Ignition                 Fire           0%         3d3       100%        8


Dungeon Overview and Level Annotations

Branches:
Dungeon (5/15)             Temple (1/1) D:4

Altars:
Elyvilon
Makhleb
Nemelex Xobeh
Qazlal
Ru
Sif Muna
Trog
Uskayaw
Vehumet
Wu Jian
Yredelemnul
Zin
The Shining One


Innate Abilities, Weirdness & Mutations

You have a pair of horns on your head.
You reflexively headbutt those who attack you in melee.


Message History

You feel much better. The water moccasin barely misses you.
You furiously retaliate!
You headbutt the water moccasin!
Okay, then.
You feel very mighty all of a sudden. The water moccasin barely misses you.
The orc priest mumbles some strange prayers to Beogh against you.
Beogh smites you!
An orc comes into view. It is wielding a +0 mace.
The water moccasin bites you.
You are poisoned.
The water moccasin poisons you!
You closely miss the water moccasin.
The water moccasin is moderately wounded.
You feel very sick.
The orc shouts!
The water moccasin bites you.
You are lethally poisoned!
The water moccasin poisons you! The water moccasin bites you.
You barely miss the water moccasin.
Your headbutt misses the water moccasin.
The water moccasin is moderately wounded.
* * * LOW HITPOINT WARNING * * *
You feel very sick.
The water moccasin bites you but does no damage.
The orc priest calls upon Beogh to heal the orc priest.
The orc priest is healed somewhat.
You hit the water moccasin.
The water moccasin is heavily wounded.
* * * LOW HITPOINT WARNING * * *
You feel very sick. You block the water moccasin's attack.
The water moccasin bites you but does no damage.
You slash the water moccasin!
The water moccasin is almost dead.
* * * LOW HITPOINT WARNING * * *
You feel very sick. You block the water moccasin's attack.
The orc priest mumbles some strange prayers to Beogh against you.
Beogh smites you!
You die...

### #)# #.# #.#
#.# #.# #.# #.#
#.# #@# ###
######S# .. .
#....oo# .# ..
#.####o##.##.##
#.....o........
#.#.#.#.#..#.##
#.........##.##
#.#.#.#.#......
#.........##.##


You could see a water moccasin, 2 orc priests and 2 orcs.

Vanquished Creatures
  A jelly (D:5)
  4 adders
  2 worms (D:2)
  3 dart slugs
  An orc (D:4)
  5 ball pythons
  6 endoplasms
  A giant cockroach (D:3)
  4 goblins
  A hobgoblin (D:4)
  3 quokkas
  2 bats
  6 frilled lizards
  9 kobolds
  4 rats
52 creatures vanquished.

Notes
Turn   | Place    | Note
-------+----------+-------------------------------------------
     0 | D:1      | apoch the Minotaur Fighter began the quest for the Orb.
     0 | D:1      | Reached XP level 1. HP: 19/19 MP: 0/0
   225 | D:1      | Reached skill level 3 in Axes
   242 | D:1      | Reached XP level 2. HP: 19/26 MP: 1/1
  1060 | D:2      | Reached skill level 4 in Axes
  1271 | D:2      | Reached XP level 3. HP: 31/31 MP: 2/2
  1501 | D:2      | Reached skill level 5 in Axes
  1562 | D:2      | Found a faded altar of an unknown god.
  2312 | D:3      | Reached XP level 4. HP: 34/39 MP: 3/3
  3106 | D:4      | Found a staircase to the Ecumenical Temple.
  3126 | Temple   | Entered the Ecumenical Temple
  3126 | Temple   | Noticed a smoke demon
  3127 | Temple   | Noticed Nonleel the pandemonium lord
  3127 | Temple   | Noticed an orange demon
  3127 | Temple   | Noticed Nang the pandemonium lord
  3128 | Temple   | Noticed a reaper
  3129 | Temple   | Noticed a hellion
  3130 | Temple   | Noticed Rapamuol the pandemonium lord
  3151 | Temple   | Noticed a Hell Sentinel
  3152 | Temple   | Noticed Yraysmio the pandemonium lord
  3166 | Temple   | Noticed a Tzitzimitl
  3167 | Temple   | Noticed Nobi the pandemonium lord
  3167 | Temple   | Noticed a rust devil
  3184 | Temple   | Noticed a sixfirhy
  3185 | Temple   | Noticed Zougg the pandemonium lord
  3185 | Temple   | Noticed a reaper
  3219 | Temple   | Became a worshipper of Qazlal Stormbringer
  3372 | D:4      | Found a sparkling altar of Nemelex Xobeh.
  3749 | D:5      | Entered Level 5 of the Dungeon
  3783 | D:5      | Reached skill level 6 in Axes
  3794 | D:5      | Noticed a water moccasin
  3814 | D:5      | Killed from afar by an orc priest

Illustrated notes

Levels and vault maps discovered:
D:1:      scummos_arrival_hexagon, layout_basic, minivault_5
D:2:      layout_basic, ebering_ecumenical_altar_box
D:3:      layout_loops_ring, serial_bayou_lake_a
D:4:      layout_gridville, nemelex_spade_bored_becter, temple_pool_b
D:5:      layout_loops_ring, mainiacjoe_overflow_concentric_impassable,
          kennysheep_little_box, serial_glass, glass_columns_c, glass_columns_b
Temple:   nicolae_temple_panitentiary

Skill      XL: |  1  2  3  4 |
---------------+-------------+-----
Axes           | 3 4 5 6 |  6.2
Fighting       | |  3.6
Armour         | |  3.6
Shields        | |  3.6

Action                     |  1- 3 |  4- 6 || total
---------------------------+-------+-------++-------
  Melee: War axe           |    81 |    40 ||   121
         Headbutt          |     9 |     5 ||    14
  Throw: Stone             |    21 |    14 ||    35
    Use: Scroll            |       |     8 ||     8
         Potion            |       |     3 ||     3
 Armour: Scale mail        |    35 |       ||    35
         Chain mail        |     6 |    30 ||    36
  Dodge: Dodged            |    31 |    17 ||    48
  Block: Buckler           |    14 |    11 ||    25
